 Dungeon Crawl Stone Soup version 0.28.0-49-g6dfe1f597d (webtiles) character file.

Game seed: 10422440487435074588

66 issech the Cudgeller (level 3, -12/36 HPs)
             Began as a Troll Monk on May 17, 2022.
             Mangled by Crazy Yiuf
             ... wielding a +4 quarterstaff of chaos
              (18 damage)
             ... on level 2 of the Dungeon.
             The game lasted 00:04:20 (1484 turns).

issech the Cudgeller (Troll Monk)                   Turns: 1484, Time: 00:04:21

Health: -12/36     AC:  4    Str: 19    XL:     3   Next: 96%
Magic:  2/2        EV: 10    Int:  6    God:
Gold:   90         SH:  0    Dex: 14    Spells: 2/2 levels left

rFire   . . .      SeeInvis .   o - +2 dagger (venom)
rCold   . . .      Faith    .   (no shield)
rNeg    . . .      Spirit   .   b - +0 robe
rPois   .          Reflect  .   (helmet restricted)
rElec   .          Harm     .   (no cloak)
rCorr   .          Rampage  .   (gloves unavailable)
Will    .....                   (boots unavailable)
Stlth   ++........              (no amulet)
HPRegen 0.92/turn               (no ring)
MPRegen 0.08/turn               (no ring)

@: mighty
A: large, unfitting armour, claws 3, regeneration 1, shaggy fur 1, tough skin 1
a: no special abilities


You were on level 2 of the Dungeon.
You visited 1 branch of the dungeon, and saw 2 of its levels.

You collected 90 gold pieces.

Inventory:

Hand Weapons
 a - a +0 mace
 o - a +2 dagger of venom (weapon)
 s - a +0 long sword
Missiles
 c - 26 sling bullets
 e - 45 stones (quivered)
 g - 21 bolts
 n - 25 arrows
Armour
 b - a +0 robe (worn)
Scrolls
 d - a scroll of summoning {unknown}
 h - a scroll of holy word {unknown}
 i - a scroll of teleportation {unknown}
 j - 2 scrolls of magic mapping {unknown}
 k - 2 scrolls of identify {unknown}
 m - a scroll of immolation {unknown}
 q - a scroll of fog {unknown}
 u - a scroll of amnesia {unknown}
Potions
 f - 2 potions of degeneration {unknown}
 l - a potion of curing {unknown}
 p - a potion of invisibility {unknown}
 r - a potion of cancellation {unknown}
 t - a potion of brilliance {unknown}


   Skills:
 + Level 2.7 Fighting
 + Level 3.3 Maces & Flails
 + Level 3.2 Dodging
 + Level 1.1 Stealth


You had 2 spell levels left.
You didn't know any spells.
Your spell library contained the following spells:

 Spells                   Type           Power      Damage    Failure   Level
 Freeze                   Ice            0%         1d3       45%         1
 Frozen Ramparts          Ice            0%         1d2       83%         3
 Hailstorm                Conj/Ice       0%         3d3       99%         4


Dungeon Overview and Level Annotations

Branches:
Dungeon (2/15)

Altars:
Ashenzari

Shops:
D:2 [

Annotations:
D:2 Crazy Yiuf


Innate Abilities, Weirdness & Mutations

You are too large for most types of armour.
You have claws for hands.
Your natural rate of healing is unusually fast.
You are covered in fur. (AC +1)
You have tough skin. (AC +1)


Message History

The hobgoblin looks as sick as possible!
You claw the hobgoblin.
You kill the hobgoblin!
You see here a hobgoblin corpse.
You see here a hobgoblin corpse.
There is a stone staircase leading down here.
There is an escape hatch in the ceiling here.
Found a mace.
Found a runed translucent door.
Crazy Yiuf shouts!
Could not explore, unopened runed door.
You open the door. Crazy Yiuf closely misses you.
There is an open translucent door here.
You completely miss Crazy Yiuf.
Crazy Yiuf says, "Flower!
Prologue ladder spinner."
Crazy Yiuf hits you with a +4 quarterstaff of chaos.
Crazy Yiuf freezes you.
You hit Crazy Yiuf.
Crazy Yiuf is moderately wounded.
Crazy Yiuf hits you with a +4 quarterstaff of chaos.
Crazy Yiuf draws strength from your wounds!
You hit Crazy Yiuf.
Crazy Yiuf is lightly wounded.
Crazy Yiuf hits you with a +4 quarterstaff of chaos!
You are confused.
You bump into the tree.
Crazy Yiuf misses you.
You feel less confused.
Crazy Yiuf hits you with a +4 quarterstaff of chaos.
You feel very mighty all of a sudden.
You hit Crazy Yiuf.
Crazy Yiuf is heavily wounded.
Crazy Yiuf hits you with a +4 quarterstaff of chaos.
* * * LOW HITPOINT WARNING * * *
Crazy Yiuf freezes you.
* * * LOW HITPOINT WARNING * * *
You hit Crazy Yiuf.
Crazy Yiuf is poisoned.
Crazy Yiuf is severely wounded.
Crazy Yiuf hits you with a +4 quarterstaff of chaos!!
Ouch! That really hurt!
You die...

.......#.......#...†######
#......>.......#.###.....#
......############ ###...#
####### #...# .#######♣♣♣♣♣
#...# ...<..#...♣.♣♣♣#####
##### ####.).....♣..♣#...#
###### #......♣♣♣♣.'g..#
#....## ##)#..♣♣ ♣♣#@.)#
#.....## ####♣♣ #####
#......# #......# ###
#......#
..####################......#
............................#
..###...#.###........).....##
............#.#)....#.....##
###............############


You could see Crazy Yiuf (very poisoned).

Vanquished Creatures
  An adder (D:2)
  A worm (D:2)
  2 dart slugs
  5 ball pythons
  6 endoplasms
  2 giant cockroaches (D:1)
  4 goblins
  6 hobgoblins
  2 jackals (D:1)
  5 kobolds
  A quokka (D:1)
  2 bats
  6 frilled lizards
  2 rats
45 creatures vanquished.

Notes
Turn   | Place    | Note
-------+----------+-------------------------------------------
     0 | D:1      | issech the Troll Monk began the quest for the Orb.
     0 | D:1      | Reached XP level 1. HP: 22/22 MP: 0/0
   380 | D:1      | Reached XP level 2. HP: 27/29 MP: 1/1
   773 | D:1      | Found a faded altar of an unknown god.
   942 | D:2      | Reached XP level 3. HP: 36/36 MP: 2/2
   995 | D:2      | Found Foad Xau's Antique Armour Shop.
  1308 | D:2      | Found a broken altar of Ashenzari.
  1472 | D:2      | Found a runed translucent door.
  1473 | D:2      | Noticed Crazy Yiuf
  1484 | D:2      | Mangled by Crazy Yiuf

Illustrated notes

Levels and vault maps discovered:
D:1:      lightli_arrival_chessboard, layout_basic,
          shapermc_ecumenical_altar_mp_vishouse
D:2:      layout_rooms, serial_shops, shop_fountains, basic_altar,
          uniq_crazy_yiuf_cottage

Skill      XL: |  1  2 |
---------------+-------+-----
Maces & Flails | 3 |  3.3
Dodging        | 3 |  3.2
Fighting       | |  2.7
Stealth        | |  1.1

Action                   || total
-------------------------++-------
Melee: Mace              ||    83
       Dagger            ||    47
       Punch             ||     1
Throw: Stone             ||     3
 Stab: Sleeping          ||     2
Armor: Robe              ||    45
Dodge: Dodged            ||    78
